 Dungeon Crawl Stone Soup version 0.28.0-1-gb440e238dd (webtiles) character file.

Game seed: 17745286068061338161

97 Cykl0x the Digger (level 4, -4/24 HPs)
             Began as a Gargoyle Earth Elementalist on Feb 22, 2022.
             Slain by a gnoll (5 damage)
             ... on level 3 of the Dungeon.
             The game lasted 00:04:14 (2369 turns).

Cykl0x the Digger (Gargoyle Earth Elementalist)     Turns: 2369, Time: 00:04:14

Health: -4/24      AC:  6    Str: 11    XL:     4   Next: 68%
Magic:  0/8        EV: 12    Int: 18    God:
Gold:   45         SH:  0    Dex: 10    Spells: 4/8 levels left

rFire   . . .      SeeInvis .   g - +2 dagger (venom)
rCold   . . .      Faith    .   (no shield)
rNeg    + . .      Spirit   .   b - +0 robe
rPois   ∞          Reflect  .   m - +0 helmet
rElec   +          Harm     .   (no cloak)
rCorr   .          Rampage  .   (no gloves)
Will    .....                   (no boots)
Stlth   ++........              (no amulet)
HPRegen 0.08/turn               (no ring)
MPRegen 0.11/turn               (no ring)

@: very slightly contaminated
A: sickness immunity, AC +3, negative energy resistance 1, electricity
resistance, torment resistance 1, petrification resistance
a: no special abilities


You were on level 3 of the Dungeon.
You visited 1 branch of the dungeon, and saw 3 of its levels.

You collected 45 gold pieces.

Inventory:

Hand Weapons
 e - a +0 dagger
 g - a +2 dagger of venom (weapon)
 l - a +0 dagger of draining
Missiles
 c - 158 stones
Armour
 b - a +0 robe (worn)
 h - a +0 leather armour
 m - a +0 helmet (worn)
Potions
 a - 2 potions of invisibility
 d - a potion of lignification {unknown}
 f - a potion of resistance
 i - a potion of magic {unknown}
 j - a potion of brilliance {unknown}
 k - 2 potions of mutation {unknown}
 n - 2 potions of heal wounds {unknown}


   Skills:
 + Level 0.4 Fighting
 + Level 0.4 Short Blades
 + Level 1.7 Dodging
 - Level 2.1 Stealth
 + Level 2.8 Spellcasting
 * Level 1.9 Conjurations
 - Level 0.7 Transmutations
 + Level 4.8 Earth Magic


You had 4 spell levels left.
You knew the following spells:

 Your Spells              Type           Power      Damage    Failure   Level
a - Sandblast             Erth           40%        2d10      2%          1
b - Stone Arrow           Conj/Erth      28%        3d8       12%         3

Your spell library contained the following spells:

 Spells                   Type           Power      Damage    Failure   Level
 Passwall                 Tmut/Erth      10%        N/A       8%          2
 Petrify                  Tmut/Erth      12%        N/A       45%         4
 Fireball                 Conj/Fire      2%         3d4       97%         5
 Starburst                Conj/Fire      2%         6d3       100%        6
 Ignition                 Fire           1%         3d3       100%        8


Dungeon Overview and Level Annotations

Branches:
Dungeon (3/15)

Altars:
Dithmenos


Innate Abilities, Weirdness & Mutations

You are immune to sickness and miasma.
Your stone body is resilient. (AC +3)
You are immune to poison.
You resist negative energy. (rN+)
You are resistant to electric shocks. (rElec)
You are resistant to unholy torment.
You are immune to petrification.


Message History

The gnoll is heavily wounded.
The gnoll closely misses you.
You barely miss the gnoll.
The gnoll is heavily wounded.
The gnoll barely misses you.
You hit the gnoll.
The gnoll is poisoned.
The gnoll is almost dead.
You kill the gnoll!
No target in view!
No target in view!
No target in view!
Magic restored.
Done exploring.
You climb downwards.
The gnoll hits you with a +0 flail.
There is a stone staircase leading up here.
The blast of sand misses the gnoll.
The blast of sand hits the orc!
You kill the orc!
The gnoll closely misses you.
The blast of sand misses the gnoll.
The blast of sand hits the gnoll!
You kill the gnoll!
The gnoll hits you but does no damage.
The blast of sand hits the gnoll.
The gnoll is moderately wounded.
The gnoll barely misses you.
You miscast Sandblast.
You are very lightly contaminated with residual magic.
Nothing appears to happen.
The gnoll hits you with a +0 flail.
The blast of sand misses the gnoll.
The gnoll hits you with a +0 flail!
Ouch! That really hurt!
* * * LOW HITPOINT WARNING * * *
You are too injured to fight recklessly!
Casting: Sandblast (safe; 2% risk of failure)
Confirm with . or Enter, or press ? or * to list all spells.
The spell is quite dangerous to miscast (12% risk of failure)!
Continue anyway?
Aiming: Stone Arrow (quite dangerous; 12% risk of failure)
Press: ? - help, Shift-Dir - straight line, f/p - gnoll
Aim: a gnoll, wielding a +0 flail (moderately wounded, 72% to hit)
You miscast Stone Arrow.
Nothing appears to happen.
The gnoll hits you with a +0 flail.
You die...

### #@#
#g# #)#
#.# #'#
#.?...#
#.....#
#...(.#
#.....#


You could see a gnoll.

Vanquished Creatures
  Robin (D:2)
  3 gnolls
  A worm (D:2)
  A dart slug (D:1)
  An orc (D:3)
  4 bats
  4 endoplasms
  3 giant cockroaches
  3 hobgoblins
  3 quokkas (D:1)
  A ball python (D:2)
  3 frilled lizards (D:1)
  12 goblins
  5 kobolds
  A rat (D:1)
46 creatures vanquished.

Notes
Turn   | Place    | Note
-------+----------+-------------------------------------------
     0 | D:1      | Cykl0x the Gargoyle Earth Elementalist began the quest for
                  | the Orb.
     0 | D:1      | Reached XP level 1. HP: 10/10 MP: 3/3
   184 | D:1      | Reached XP level 2. HP: 15/15 MP: 1/5
   297 | D:1      | Reached skill level 4 in Earth Magic
   463 | D:1      | Reached skill level 1 in Conjurations
   701 | D:1      | Reached XP level 3. HP: 19/19 MP: 3/6
   705 | D:1      | Learned a level 3 spell: Stone Arrow
  1594 | D:2      | Found a faded altar of an unknown god.
  1623 | D:2      | Found a shadowy altar of Dithmenos.
  1650 | D:2      | Noticed Robin
  1673 | D:2      | Killed Robin
  1674 | D:2      | Reached XP level 4. HP: 12/24 MP: 0/7
  2368 | D:3      | HP: 1/24 [gnoll (12)]
  2369 | D:3      | Slain by a gnoll

Illustrated notes

Levels and vault maps discovered:
D:1:      dpeg_arrival_houses_and_road, layout_rooms
D:2:      layout_loops_corners, nicolae_ecumenical_oubliette, basic_altar,
          uniq_robin
D:3:      layout_basic, kiku_gazebo_garden_becter, serial_shops,
          nicolae_shop_temple_entry_statues_fountains,
          chequers_serial_rivers_micro_a, chequers_hall_statues_y, hex_tiny,
          minmay_snake_closets, uniq_sigmund, uniq_natasha

Skill      XL: |  1  2 |
---------------+-------+-----
Earth Magic    | 4 |  4.8
Conjurations   | 1 |  1.9
Fighting       | |  0.4
Short Blades   | |  0.4
Dodging        | |  1.7
Stealth        | |  2.1
Spellcasting   | |  2.8
Transmutations | |  0.7

Action                   |  1- 3 |  4- 6 || total
-------------------------+-------+-------++-------
Melee: Dagger            |    17 |     4 ||    21
 Cast: Sandblast         |    35 |     8 ||    43
       Stone Arrow       |     7 |     5 ||    12
  Use: Scroll            |     3 |     3 ||     6
Armor: Robe              |     7 |     1 ||     8
Dodge: Dodged            |    11 |     7 ||    18
